AoeStats
← eddyykf

Black Forest

509867644Analyzed
3v3 RM · 3d ago on Sep 28, 2026· 62m 17s· 6 players
Game mode
Random Map
Map size
Normal (6 player)
Population
200
Speed
Normal
Resources
Standard
Victory
Conquest
Starting age
Dark Age
Ending age
Imperial Age
RankedLock teamsTeams togetherTeam positionsShared explorationLock speedFull tech treeHidden civsTurbo modeCheats
Victory
Defeat
🇩🇪 Japanese · Germany
764
+6
🇦🇺 Britons · Australia
763
+7
🇵🇱 Cumans · Poland
698
+14
🇷🇸 Huns · Serbia
656
-11
🇸🇬 Koreans · Singapore
556
-7
🇩🇰 Portuguese · Denmark
361
-4
eddyykf
0:32 Loom
15:33 Feudal Age
16:01 Town Watch
16:52 Wheelbarrow
17:33 Horse Collar
18:05 Double-Bit Axe
20:02 Stone Mining
21:38 Gold Mining
25:07 Arson
24:45 Man-at-Arms
28:56 Castle Age
30:12 Crossbowman
30:21 Long Swordsman
30:21 Pikeman
31:02 Squires
31:58 Bow Saw
33:07 Husbandry
32:28 Light Cavalry
35:44 Stone Shaft Mining
35:45 Gold Shaft Mining
36:58 Caravan
37:28 Coinage
37:41 Town Patrol
41:01 Hand Cart
51:34 Imperial Age
49:49 Scale Barding Armor
49:45 Scale Mail Armor
49:55 Forging
49:36 Fletching
51:35 Chain Mail Armor
51:41 Chain Barding Armor
53:05 Cavalier
54:25 Plate Mail Armor
54:31 Iron Casting
53:52 Bodkin Arrow
56:46 Cavalier
58:36 Heavy Rocket Cart
THOR
13:27 Feudal Age
22:35 Castle Age
35:40 Imperial Age
33:34 Gold Mining
35:17 Double-Bit Axe
37:03 Caravan
39:26 Husbandry
38:46 Cavalier
44:40 Scale Barding Armor
44:26 Onager
Душан Силни
0:48 Loom
15:07 Feudal Age
16:39 Double-Bit Axe
16:37 Horse Collar
21:46 Gold Mining
21:47 Stone Mining
23:58 Forging
23:49 Scale Mail Armor
23:55 Scale Barding Armor
23:51 Padded Archer Armor
26:04 Castle Age
29:53 Bow Saw
29:46 Heavy Plow
30:32 Caravan
31:10 Coinage
33:12 Masonry
32:58 Murder Holes
36:48 Imperial Age
35:42 Wheelbarrow
34:52 Town Watch
36:43 Chain Barding Armor
36:59 Iron Casting
36:40 Chain Mail Armor
36:42 Leather Archer Armor
36:33 Town Patrol
36:49 Hand Cart
39:02 Gold Shaft Mining
39:34 Two-Man Saw
38:58 Conscription
39:36 Cavalier
40:18 Husbandry
40:28 Bloodlines
39:39 Light Cavalry
40:50 Guilds
41:11 Banking
41:19 Plate Barding Armor
41:54 Blast Furnace
43:11 Paladin
45:10 Paladin
50:33 Sappers
matthiaskaeck
0:40 Loom
16:02 Feudal Age
16:52 Double-Bit Axe
16:49 Horse Collar
16:59 Fishing Lines
21:19 Wheelbarrow
24:23 Castle Age
24:37 Forging
24:28 Scale Mail Armor
24:33 Scale Barding Armor
25:44 Bow Saw
27:44 Caravan
28:32 Iron Casting
28:22 Gillnets
29:57 Stone Mining
29:58 Gold Mining
31:21 Fortified Wall
31:31 Ballistics
33:02 Hand Cart
32:33 Town Watch
38:54 Imperial Age
37:39 Chain Mail Armor
37:45 Chain Barding Armor
37:25 Padded Archer Armor
37:16 Fletching
38:05 Pikeman
38:30 Arson
38:46 Squires
40:08 Kataparuto
40:09 Conscription
39:09 Elite Samurai
40:23 Plate Mail Armor
39:32 Crossbowman
40:53 Arbalester
41:56 Thumb Ring
43:04 Halberdier
46:23 Chemistry
45:04 Treadmill Crane
45:20 Murder Holes
45:36 Masonry
45:31 Siege Engineers
46:04 Gold Shaft Mining
55:39 Spies/Treason
skaziuwielkisz69
14:05 Feudal Age
15:45 Wheelbarrow
15:10 Double-Bit Axe
18:19 Gold Mining
18:23 Horse Collar
25:32 Castle Age
24:19 Stone Mining
26:47 Padded Archer Armor
26:38 Fletching
26:34 Pikeman
28:01 Hand Cart
28:45 Pikeman
29:40 Heavy Plow
29:57 Bow Saw
29:34 Loom
35:01 Imperial Age
35:11 Gold Shaft Mining
35:04 Murder Holes
35:31 Ballistics
36:59 Thumb Ring
37:20 Parthian Tactics
36:54 Bodkin Arrow
37:14 Leather Archer Armor
37:00 Scale Mail Armor
37:50 Crop Rotation
38:10 Halberdier
38:50 Squires
41:10 Chemistry
40:26 Masonry
40:55 Ring Archer Armor
40:41 Chain Mail Armor
42:55 Hoardings
43:04 Hoardings
43:38 Elite Kipchak
51:23 Caravan
52:57 Forging
53:18 Plate Mail Armor
59:57 Town Watch
60:13 Devotion
60:34 Sanctity
60:34 Heresy
60:10 Herbal Medicine
60:15 Atonement
60:25 Fervor
60:27 Clinker Construction
60:28 Careening
60:08 Heated Shot
60:54 Coinage
60:34 Guilds
60:59 Coinage
Shonhor
1:14 Loom
14:14 Feudal Age
15:40 Double-Bit Axe
19:16 Castle Age
22:16 Wheelbarrow
21:39 Fletching
21:59 Forging
21:58 Scale Barding Armor
24:52 Horse Collar
26:59 Town Watch
27:54 Caravan
28:09 Bow Saw
31:20 Pikeman
32:21 Hand Cart
35:37 Imperial Age
33:32 Squires
34:08 Heavy Plow
34:27 Town Patrol
35:51 Ballistics
36:02 Bodkin Arrow
36:09 Scale Mail Armor
36:09 Padded Archer Armor
36:45 Conscription
37:33 Chemistry
36:57 Gold Mining
40:36 Two-Man Saw
39:39 Bracer
39:55 Leather Archer Armor
40:16 Iron Casting
40:56 Halberdier
45:53 Chain Mail Armor
46:39 Blast Furnace
46:10 Ring Archer Armor
45:04 Elite Longbowman
46:06 Stone Mining
46:52 Gold Shaft Mining
48:15 Plate Mail Armor
56:16 Chain Barding Armor
56:35 Guilds
Connection lost

Rejoining the realm…

Still unreachable

The connection could not be restored.

Session expired

The server has moved on; the page needs a fresh start.